 Dungeon Crawl Stone Soup version 0.27.1 (webtiles) character file.

Game seed: 5611291490572969542

18 r3algoood the Grasshopper (level 2, 0/22 HPs)
             Began as a Human Warper on Aug 31, 2021.
             Slain by a jackal (2 damage)
             ... on level 1 of the Dungeon.
             The game lasted 00:01:28 (868 turns).

r3algoood the Grasshopper (Human Warper)             Turns: 868, Time: 00:01:29

Health: 0/22       AC:  3    Str: 11    XL:     2   Next: 85%
Magic:  9/14       EV: 11    Int: 13    God:
Gold:   0          SH:  0    Dex: 12    Spells: 3/5 levels left

rFire    . . .     SeeInvis .   a - +0 hand axe
rCold    . . .     Faith    .   (no shield)
rNeg     . . .     Spirit   .   b - +0 leather armour
rPois    .         Reflect  .   (no helmet)
rElec    .         Harm     .   (no cloak)
rCorr    .         Rampage  .   (no gloves)
Will     .....                  (no boots)
Stlth    +.........             (no amulet)
HPRegen  0.07/turn              e - ring of magical power
MPRegen  0.14/turn              (no ring)

@: very slightly contaminated
A: no striking features
a: no special abilities


You were on level 1 of the Dungeon.
You visited 1 branch of the dungeon, and saw 2 of its levels.

Inventory:

Hand Weapons
 a - a +0 hand axe (weapon)
Missiles
 d - 5 boomerangs of dispersal (quivered)
Armour
 b - a +0 leather armour (worn)
Jewellery
 e - a ring of magical power (left hand)
Scrolls
 c - 2 scrolls of blinking


   Skills:
 + Level 2.1 Fighting
 + Level 2.2 Axes
 + Level 1.0 Throwing
 + Level 1.0 Armour
 + Level 2.3 Dodging
 + Level 2.1 Spellcasting
 + Level 3.3 Translocations


You had 3 spell levels left.
You knew the following spells:

 Your Spells              Type           Power      Damage    Failure   Level
a - Blink                 Tloc           N/A        N/A       13%         2

Your spell library contained the following spells:

 Spells                   Type           Power      Damage    Failure   Level
 Gell's Gravitas          Tloc           5%         N/A       26%         3
 Lesser Beckoning         Tloc           5%         N/A       26%         3
 Teleport Other           Tloc           10%        N/A       26%         3
 Manifold Assault         Tloc           10%        N/A       93%         5


Dungeon Overview and Level Annotations

Branches:
Dungeon (2/15)

Altars:


Message History

The jackal bites you but does no damage.
The jackal misses you.
Casting: Blink (safe; 13% risk of failure)
Confirm with . or Enter, or press ? or * to list all spells.
You blink.
You closely miss the jackal. You closely miss the hobgoblin.
The hobgoblin barely misses you. The jackal closely misses you.
You closely miss the jackal. You hit the hobgoblin.
You completely miss the jackal.
The jackal bites you but does no damage. x2
The hobgoblin completely misses you.
The jackal bites you but does no damage.
You barely miss the jackal. You closely miss the hobgoblin. You hit the jackal.
The jackal misses you. The hobgoblin hits you.
* * * LOW HITPOINT WARNING * * *
The jackal closely misses you. x2
You hit the jackal.
The jackal is lightly wounded.
You closely miss the hobgoblin. You closely miss the jackal.
The jackal closely misses you. The jackal bites you.
* * * LOW HITPOINT WARNING * * *
The hobgoblin closely misses you.
The jackal bites you but does no damage. x2
The hobgoblin barely misses you.
Casting: Blink (safe; 13% risk of failure)
Confirm with . or Enter, or press ? or * to list all spells.
You miscast Blink.
You are very lightly contaminated with residual magic.
Nothing appears to happen.
The jackal barely misses you.
The jackal bites you but does no damage.
The hobgoblin misses you.
Casting: Blink (safe; 13% risk of failure)
Confirm with . or Enter, or press ? or * to list all spells.
You blink.
The jackal barely misses you.
Unknown command.
The jackal bites you.
* * * LOW HITPOINT WARNING * * *
The jackal barely misses you. The jackal misses you. The jackal bites you.
You die...

## ..#....## .# #.#
.......# .## #.# ..# #..
#.# #.. #.## #.# ##.##
#######.# .##.#
#.......###### ....#
#.#...h@h....# #####
#.#.#.hhh....#
#.#.#..h..!..#
#.#†#..g.....#.
#.#.#..........
#.#............
##########..#.........##
...........###........#
#########.## ##.......#


You could see 6 jackals and a hobgoblin.

Vanquished Creatures
  2 ball pythons
  2 giant cockroaches
  A goblin (D:1)
  2 hobgoblins
  2 kobolds (D:1)
  3 bats
  A frilled lizard (D:1)
  4 rats
17 creatures vanquished.

Notes
Turn   | Place    | Note
-------+----------+-------------------------------------------
     0 | D:1      | r3algoood the Human Warper began the quest for the Orb.
     0 | D:1      | Reached XP level 1. HP: 16/16 MP: 3/3
   133 | D:1      | Reached XP level 2. HP: 6/22 MP: 5/5
   378 | D:1      | You fall into a shaft and drop 1 floor!
   782 | D:1      | Learned a level 2 spell: Blink
   868 | D:1      | Slain by a jackal

Illustrated notes

Levels and vault maps discovered:
D:1:      dpeg_arrival_simpleton_a, layout_loops_ring,
          shapermc_ecumenical_altar_mp_vishouse, hex_tiny,
          kennysheep_another_room
D:2:      layout_basic

Action                   || total
-------------------------++-------
Melee: Hand axe          ||    51
 Cast: Blink             ||     2
Armor: Leather armour    ||    23
Dodge: Dodged            ||    68
